Get step-by-step instructions on how to execute this build order below. Start the game timer, and the build order will tick by so you can play in parallel with StarCraft on a second screen or mobile device.

Game Time

  0:00

Last Step

  N/A

Next Step

Upcoming Step



Don't want to look back and forth between 2 screens? Try out our Overwolf App, the Spawning Tool Build Advisor to get an in-game overlay with this build!

Complete Build Order

  12  0:01  Drone  
  13  0:42  Hatchery  
  12  0:49  Spawning Pool  
  9  1:36  Zergling x6  
  12  1:53  Zergling x2  
  13  1:58  Spine Crawler  
  12  2:44  Zergling x2  
  12  2:45  Zergling x2  
  12  2:50  Overlord